 Dungeon Crawl Stone Soup version 0.30-a0-722-g3e6e8c874d (webtiles) character file.

Game seed: 14384476039266119510

305 Oxelix the Chopper (level 6, -3/56 HPs)
             Began as a Minotaur Fighter on Jan 28, 2023.
             Was a Believer of the Shining One.
             Slain by an ogre
             ... wielding a +0 giant club
              (21 damage)
             ... on level 5 of the Dungeon.
             The game lasted 00:04:00 (2964 turns).

Oxelix the Chopper (Minotaur Fighter)               Turns: 2964, Time: 00:04:00

Health: -3/56      AC:  9    Str: 23    XL:     6   Next: 16%
Magic:  5/5        EV:  7    Int:  5    God:    the Shining One [**....]
Gold:   212        SH:  4    Dex:  9    Spells: 5/5 levels left

rFire   . . .      SeeInvis .    t - +4 hand axe
rCold   . . .      Faith    .    c - +0 buckler
rNeg    + . .      Spirit   .    k - +0 chain mail
rPois   .          Reflect  .    (helmet restricted)
rElec   .          Harm     .    (no cloak)
rCorr   .          Rampage  .    (no gloves)
Will    .....                    (no boots) Stlth
                                 (no amulet)
HPRegen 0.29/turn                (no ring)
MPRegen 0.09/turn                (no ring)

@: glowing
A: horns 2, retaliatory headbutt
a: Renounce Religion, Divine Shield


You were on level 5 of the Dungeon.
You worshipped the Shining One.
The Shining One was pleased with you.
You visited 1 branch of the dungeon, and saw 5 of its levels.

You collected 212 gold pieces.

Inventory:

Hand Weapons
 a - a +0 war axe
 t - a +4 hand axe (weapon)
Missiles
 v - 6 javelins (quivered)
Armour
 c - a +0 buckler (worn)
 k - a +0 chain mail (worn)
Jewellery
 x - a ring of positive energy
Wands
 n - a wand of charming (12)
 p - a wand of digging (4)
Scrolls
 b - 2 scrolls of immolation {unknown}
 f - 3 scrolls of teleportation {unknown}
 l - 2 scrolls of blinking {unknown}
 o - 5 scrolls of identify {unknown}
 q - a scroll of silence {unknown}
 r - a scroll of acquirement {unknown}
 s - a scroll of butterflies {unknown}
 w - a scroll of fear {unknown}
Potions
 d - 2 potions of might
 e - 2 potions of lignification {unknown}
 g - 3 potions of heal wounds {unknown}
 h - 6 potions of attraction {unknown}
 i - 2 potions of ambrosia {unknown}
 j - 4 potions of curing {unknown}
 m - a potion of brilliance {unknown}
 u - a potion of invisibility {unknown}


   Skills:
 + Level 5.5 Fighting
 * Level 6.6 Axes
 - Level 3.6 Armour
 - Level 3.6 Shields


You had 5 spell levels left.
You didn't know any spells.
Your spell library contained the following spells:

 Spells                   Type           Power      Damage    Failure   Level
 Call Canine Familiar     Summ           0%         N/A       100%        3
 Portal Projectile        Hex/Tloc       0%         N/A       100%        3
 Leda's Liquefaction      Hex/Erth       0%         N/A       100%        4


Dungeon Overview and Level Annotations

Branches:
Dungeon (5/15)
 Temple: D:4-7

Altars:
Cheibriados
The Shining One

Shops:
D:2 [(


Innate Abilities, Weirdness & Mutations

You have a pair of horns on your head.
You reflexively headbutt those who attack you in melee.


Message History

You hit Blork the orc.
Blork the orc is almost dead.
Blork the orc closely misses you.
You hit Blork the orc.
Blork the orc is almost dead.
Blork the orc hits you but does no damage.
You slash Blork the orc!
You kill Blork the orc!
You have reached level 6!
There is a stone staircase leading down here.
There is a stone staircase leading down here.
Found a buckler.
You see here a +0 buckler.
You now have 193 gold pieces (gained 9).
Done exploring.
Done exploring.
You see here a +0 buckler.
There is a stone staircase leading down here.
You climb downwards.
There is a stone staircase leading up here.
o - 5 scrolls labelled QIOTUGESIY (gained 1)
w - a scroll labelled MEESMOSUSM You now have 200 gold pieces (gained 7).
You now have 212 gold pieces (gained 12).
x - a ring of positive energy An ogre comes into view.
It is wielding a +0 giant club.
The ogre shouts!
An ogre is nearby!
An ogre is nearby!
Found a warped spear and 5 poisoned darts.
You hit the ogre but do no damage. The ogre hits you with a +0 giant club!
You hit the ogre. You headbutt the ogre!
The ogre is heavily wounded.
You slash the ogre!
The ogre is severely wounded.
The ogre hits you with a +0 giant club!!
You completely miss the ogre. You headbutt the ogre.
The ogre is almost dead.
The ogre hits you with a +0 giant club!!
You die...

# #. ##.####
(...... )......
.......######
.......@....#
......O####.#
....... #.#
....... #.#
####### ##.##
##...##
##.....##
#######.......#
..............#


You could see an ogre.

Vanquished Creatures
  Blork the orc (D:4)
  An orc priest (D:4)
  A hound (D:4)
  An iguana (D:4)
  4 adders
  A white imp (D:4)
  3 worms
  2 dart slugs
  12 orcs
  5 endoplasms
  5 giant cockroaches
  7 goblins
  7 hobgoblins
  7 jackals
  A quokka (D:1)
  7 ball pythons
  4 bats
  2 frilled lizards
  9 kobolds
  8 rats
88 creatures vanquished.

Notes
Turn   | Place    | Note
-------+----------+-------------------------------------------
     0 | D:1      | Oxelix the Minotaur Fighter began the quest for the Orb.
     0 | D:1      | Reached XP level 1. HP: 19/19 MP: 0/0
    68 | D:1      | Reached skill level 3 in Axes
    76 | D:1      | Reached XP level 2. HP: 20/27 MP: 1/1
   123 | D:1      | Found a faded altar of an unknown god.
   847 | D:2      | Reached XP level 3. HP: 32/33 MP: 2/2
   848 | D:2      | Reached skill level 4 in Axes
   920 | D:1      | Prayed at the altar of an unknown god.
   920 | D:1      | Became a worshipper of the Shining One
   920 | D:1      | Reached * piety under the Shining One
   954 | D:2      | Found Iseir's Weapon Boutique.
   990 | D:2      | Found Filitu's Antique Armour Emporium.
  1422 | D:3      | Reached XP level 4. HP: 41/41 MP: 3/3
  1685 | D:3      | Found a snail-covered altar of Cheibriados.
  1940 | D:3      | Reached skill level 5 in Axes
  2220 | D:4      | Reached ** piety under the Shining One
  2226 | D:4      | Reached XP level 5. HP: 47/47 MP: 4/4
  2230 | D:4      | Reached skill level 5 in Fighting
  2357 | D:4      | Reached skill level 6 in Axes
  2771 | D:4      | Noticed Blork the orc
  2780 | D:4      | Killed Blork the orc
  2781 | D:4      | Reached XP level 6. HP: 53/56 MP: 5/5
  2907 | D:5      | Entered Level 5 of the Dungeon
  2964 | D:5      | Slain by an ogre

Illustrated notes

Levels and vault maps discovered:
D:1:      lemuel_arrival_river_ford, layout_rooms,
          shapermc_ecumenical_altar_mp_urbaneastern
D:2:      layout_rooms, serial_shops, nicolae_square_shop,
          nicolae_shop_waterfront
D:3:      layout_loops_ring, kennysheep_slug_shrine, dk_vineyard_1,
          minmay_fractal_squares_diagonal_5
D:4:      layout_rooms, grunt_decor_arrowhead, chequers_serial_rivers_large_b,
          hex_large, uniq_blork_the_orc
D:5:      layout_loops_ring, minmay_overflow_temple_hex, serial_shops, shop,
          ebering_ghost_reflecting_pool

Skill      XL: |  1  2  3  4  5 |
---------------+----------------+-----
Axes           | 3 4 5 6 |  6.6
Fighting       | 4 5 |  5.5
Armour         | |  3.6
Shields        | |  3.6

Action                     |  1- 3 |  4- 6 || total
---------------------------+-------+-------++-------
  Melee: War axe           |    84 |    45 ||   129
         Headbutt          |     8 |     9 ||    17
         Hand axe          |       |    34 ||    34
 Armour: Scale mail        |     6 |       ||     6
         Chain mail        |    31 |    25 ||    56
  Dodge: Dodged            |    49 |    14 ||    63
  Block: Buckler           |    23 |    16 ||    39

Table legend: (Time is in decaauts)
 A = Elapsed time spent in this place.
 B = Non-inter-level travel time spent in this place.
 C = Inter-level travel time spent in this place.
 D = Time resting spent in this place.
 E = Time spent auto-exploring this place.
 F = Levels seen in this place.
 G = Mean time per level.
                   A        B        C        D        E       F      G
               +--------+--------+--------+--------+--------+-----+--------+
         Total |   3048 |   2821 |    227 |    131 |   2121 |   5 |  609.6 |
       Dungeon |   3048 |   2821 |    227 |    131 |   2121 |   5 |  609.6 |
               +--------+--------+--------+--------+--------+-----+--------+

Top non-repeatable levels by time:
     D:1: 953 daAuts
     D:4: 811 daAuts
     D:3: 748 daAuts
     D:2: 479 daAuts
     D:5: 56 daAuts
